 Dungeon Crawl Stone Soup version 0.31-a0-765-g67fe2935dc (webtiles) character file.

Game seed: 13518913328237930557

22560 Newt the Basher (level 12, -11/95 HPs)
             Began as a Demonspawn Gladiator on Sept 15, 2023.
             Was the Champion of Jiyva.
             Shot with an arrow by Nessos (23 damage)
             ... on level 13 of the Dungeon.
             The game lasted 00:12:11 (9245 turns).

Newt the Basher (Demonspawn Gladiator)              Turns: 9245, Time: 00:12:12

Health: -11/95     AC:  5    Str: 24    XL:     12   Next: 64%
Magic:  21/21      EV: 16    Int:  8    God:    Jiyva [******]
Gold:   652        SH:  0    Dex: 14    Spells: 11/11 levels left

rFire   + . .        v - +5 morningstar (freeze)
rCold   + . .        (no shield)
rNeg    . . .        M - +0 troll leather armour
rPois   .            (helmet unavailable)
rElec   .            j - scarf {rC+ rF+}
rCorr   +            (no gloves)
SInv    +            (no boots)
Will    .....        x - amulet of regeneration
Stlth   +            I - ring of magical power
HPRegen 4.35/turn    (no ring)
MPRegen 0.67/turn

%: no passive effects
@: lethally poisoned (-11 -> -11)
A: hooves 2, sharp scales 2, condensation shield, demonic magic 1, antennae 3,
regeneration 1, strong 1, acidic bite, eyeballs 2, jelly sensing items, engulf
a: Renounce Religion, Oozemancy, Slimify


You were on level 13 of the Dungeon.
You worshipped Jiyva.
Jiyva was exalted by your worship.
You visited 1 branch of the dungeon, and saw 13 of its levels.
You also visited: Sewer.

You collected 652 gold pieces.

Inventory:

Hand Weapons
 a - a +0 rapier
 k - the +8 trident of Objectivity {flame, rC++ SInv}
   (You took it off a spriggan on level 9 of the Dungeon)

   rC++:      It greatly protects you from cold.
   SInv:      It lets you see invisible.
 n - a +1 short sword of draining
 o - a +1 quarterstaff of speed
 v - a +5 morningstar of freezing (weapon)
Missiles
 d - 7 throwing nets (quivered)
 e - a javelin
Armour
 b - a +0 leather armour
 c - a +0 helmet
 j - a scarf of resistance (worn)
 s - +0 acid dragon scales
 A - a +2 cloak of preservation
 M - a +0 troll leather armour (worn)
Jewellery
 x - an amulet of regeneration (around neck)
 z - a ring of ice
 E - a ring of ice
 I - a ring of magical power (left hand)
Wands
 f - a wand of polymorph (7)
 l - a wand of mindburst (6)
 m - a wand of roots (29)
 t - a wand of digging (8)
 u - a wand of charming (16)
 w - a wand of flame (11)
Scrolls
 r - 2 scrolls of amnesia {unknown}
 y - a scroll of revelation
 D - a scroll of fog {unknown}
 F - a scroll of teleportation {unknown}
 G - a scroll of enchant weapon {unknown}
 H - a scroll of brand weapon {unknown}
 J - a scroll of torment {unknown}
 K - a scroll of identify
Potions
 g - a potion of ambrosia
 h - 3 potions of enlightenment
 i - 2 potions of degeneration
 p - 2 potions of might {unknown}
 q - 2 potions of attraction {unknown}
 B - a potion of resistance
 C - 2 potions of lignification
 L - 3 potions of curing
 N - a potion of berserk rage {unknown}


   Skills:
 - Level 9.0 Fighting
 - Level 4.0 Short Blades
 + Level 10.5(11.4) Maces & Flails
 - Level 6.9(9.7) Staves
 - Level 3.0 Throwing
 - Level 9.0 Dodging
 - Level 10.0 Evocations


You had 11 spell levels left.
You didn't know any spells.
Your spell library contained the following spells:

 Spells                   Type           Power      Damage    Failure   Level
 Slow                     Hex            0%         N/A       45%         1
 Confusing Touch          Hex            0%         N/A       83%         3
 Sigil of Binding         Hex            0%         N/A       83%         3
 Stone Arrow              Conj/Erth      0%         3d7       83%         3
 Summon Guardian Golem    Hex/Summ       0%         N/A       83%         3
 Tukima's Dance           Hex            0%         N/A       83%         3
 Vampiric Draining        Necr           0%         2d6       83%         3
 Anguish                  Hex/Necr       0%         N/A       99%         4
 Animate Armour           Summ/Erth      0%         N/A       99%         4
 Cause Fear               Hex            0%         N/A       99%         4
 Dimensional Bullseye     Hex/Tloc       0%         N/A       99%         4
 Iskenderun's Mystic Bla  Conj/Tloc      0%         2d3       99%         4
 Vhi's Electric Charge    Tloc/Air       0%         N/A       99%         4
 Arcjolt                  Conj/Air       0%         1d10      100%        5
 Plasma Beam              Fire/Air       0%         2x1d10    100%        6
 Enfeeble                 Hex            0%         N/A       100%        7
 Orb of Destruction       Conj           0%         9d5       100%        7
 Spellforged Servitor     Conj/Summ      0%         N/A       100%        7
 Lehudib's Crystal Spear  Conj/Erth      0%         10d2      100%        8


Dungeon Overview and Level Annotations

Branches:
Dungeon (13/15) Temple (0/1) D:7 Lair (0/5) D:9 Orc (0/2) D:11 Vaults (0/5) D:12 D:13 Sewer (visited)

Altars:
Dithmenos
Fedhas
Okawaru
Qazlal
Ru
Sif Muna
Uskayaw
Jiyva

Shops:
D:3 *   D:7 *   D:11 (

Annotations:
D:13 Lodul, Nessos, Urug


Innate Abilities, Weirdness & Mutations

You have hoof-like feet.
You are mostly covered in razor-sharp scales. (AC +2, Slay +2)
A meltable shield of frost defends you. (SH +0)
Spells you cast may paralyse adjacent enemies.
You have a pair of large antennae on your head. (SInv)
Your natural rate of healing is unusually fast.
Your muscles are strong. (Str +4, Int/Dex -1)
You have acidic saliva.
Your body has grown many eyes which may confuse attackers. (Acc +5)
You have a small jelly attached to you that senses nearby items.
Your melee attacks may engulf your foes in ooze.


Message History

No target in view!
No target in view!
No target in view!
No target in view!
No target in view!
No target in view!
Things that are here:
a human corpse; a human corpse Your icy envelope is restored.
No target in view!
You start waiting.
You start waiting.
You hear a slurping noise.
There is a stone staircase leading down here.
You climb downwards.
Level annotation: Lodul, Nessos, Urug The centaur warrior shoots an arrow.
The arrow hits you!!
Nessos shoots an arrow.
The arrow hits you!!
Your condensation shield dissipates!
The arrow burns you.
You are poisoned.
The centaur warrior shoots an arrow.
The arrow hits you!!
* * * LOW HITPOINT WARNING * * *
You shudder from the blast and a jelly pops out!
Nessos mumbles some strange words.
Nessos seems to speed up.
The orc wizard gestures wildly while chanting.
The orc wizard flickers and vanishes for a moment.
Lodul adjusts his apparatus.
Urug throws a javelin.
The javelin pierces through your azure jelly.
The javelin pierces through you!
* * * LOW HITPOINT WARNING * * *
The centaur warrior shoots an arrow.
The arrow misses you.
There is a stone staircase leading up, spattered with blood here.
Unknown command.
You feel very sick.
Nessos zaps a wand.
You easily resist.
Nessos shoots an arrow.
The arrow hits you!!
You die...

... #. .#..
.o##.###.#.#. +
#c...........
).#..........#.
...............
......J........
.............#
....o..@∩....#
.......><......
.......O.....##
..<..........#
..#o.........#
+ #..........#
............#
#.#########.c.


You could see Nessos (fast), Lodul, Urug, a centaur warrior (ally target), an
orc wizard (invisible), an orc and a friendly azure jelly (summoned).

Vanquished Creatures
  Snorg (D:12)
  The ghost of lunkers the Martial Artist, a journeyman MeSh of Okawaru (D:9)
  4 centaur warriors
  A boulder beetle (D:9)
  A two-headed ogre (D:12)
  Pikel (D:8)
  2 deep elf pyromancers
  A cyclops (D:12)
  Maurice (D:9)
  Jeremiah (D:8)
  2 unseen horrors (D:10)
  2 gargoyles (D:11)
  Maggie (D:8)
  A kobold demonologist (D:10)
  2 trolls
  A hornet (D:8)
  Prince Ribbit (D:6)
  4 shadows
  A spriggan (D:9)
  3 vampires
  5 wraiths
  18 yaks
  A wyvern (D:9)
  15 humans (D:12)
  Eustachio (D:6)
  3 vampire mosquitoes (D:11)
  A steam dragon (D:6)
  A two-headed ogre zombie (D:11)
  4 acid dragons
  2 water moccasins
  2 sky beasts
  2 orc warriors
  2 ice beasts
  An ogre (D:5)
  5 centaurs
  2 phantoms
  2 kobold brigands (D:8)
  A lemure (D:8)
  6 bullfrogs
  2 gnoll sergeants
  4 scorpions
  5 wights (D:8)
  3 troll zombies (D:11)
  20 killer bees
  4 howler monkeys
  6 hounds
  2 gnoll boudas
  6 orc priests
  2 sleepcaps
  4 iguanas
  7 orc wizards
  4 ogre zombies (D:11)
  Robin (D:2)
  15 gnolls
  A river rat (D:3)
  10 adders
  3 white imps
  2 ufetubi
  A worm (Sewer)
  3 dart slugs
  22 orcs
  11 ball pythons
  An endoplasm (D:1)
  4 giant cockroaches
  19 goblins
  4 hobgoblins
  14 kobolds
  5 quokkas
  5 bats
  3 frilled lizards
  2 goblin skeletons (D:11)
  A goblin zombie (D:11)
  4 hobgoblin skeletons (D:11)
  4 hobgoblin zombies (D:11)
  4 orc skeletons (D:11)
  10 orc zombies (D:11)
  5 rats
329 creatures vanquished.

Vanquished Creatures (collateral kills)
  A gargoyle (D:12)
  3 vampire mosquitoes (D:12)
4 creatures vanquished.

Vanquished Creatures (others)
  Frances (D:12)
  2 slime creatures
  A human (D:12)
  A wolf (D:9)
  A centaur (D:10)
  A killer bee (D:9)
  A howler monkey (D:7)
  17 jellies
  2 gnolls (D:7)
  A river rat (Sewer)
  A shadow imp (D:5)
  An ufetubus (D:5)
  2 worms
  4 orcs
  2 endoplasms
  4 giant cockroaches
  A hobgoblin (D:2)
  2 quokkas
  4 ball pythons
  2 bats
  5 frilled lizards
  2 goblins
  3 rats
61 creatures vanquished.

Grand Total: 394 creatures vanquished

Notes
Turn   | Place    | Note
-------+----------+-------------------------------------------
     0 | D:1      | Newt the Demonspawn Gladiator began the quest for the Orb.
     0 | D:1      | Reached XP level 1. HP: 16/16 MP: 1/1
   115 | D:1      | Found a faded altar of an unknown god.
   170 | D:1      | Gained mutation: A meltable shield of frost defends you.
                  | (SH +0) [demonic ancestry]
   170 | D:1      | Reached XP level 2. HP: 23/23 MP: 2/2
   173 | D:1      | Prayed at the altar of an unknown god.
   173 | D:1      | Became a worshipper of Jiyva Jasaps the Shapeless
   173 | D:1      | Reached * piety under Jiyva
   700 | D:2      | Reached ** piety under Jiyva
   829 | D:2      | Reached XP level 3. HP: 29/29 MP: 3/3
   997 | D:2      | Gained mutation: You have large cloven feet. [demonic
                  | ancestry]
   997 | D:2      | Reached XP level 4. HP: 37/37 MP: 4/4
  1039 | D:2      | Noticed Robin
  1053 | D:2      | Killed Robin
  1261 | D:2      | Reached *** piety under Jiyva
  1370 | D:3      | Found a hide-covered altar of Uskayaw.
  1371 | D:3      | Found a shimmering blue altar of Sif Muna.
  1392 | D:3      | Found Waub Ruts's General Store.
  1444 | D:3      | Found a glowing drain.
  1465 | D:3      | Gained mutation: You have hoof-like feet. [demonic
                  | ancestry]
  1465 | D:3      | Reached XP level 5. HP: 41/42 MP: 5/5
  1476 | Sewer    | Entered a sewer
  1582 | Sewer    | Found a viscous altar of Jiyva.
  1832 | D:3      | Gained mutation: You have acidic saliva. [Jiyva's grace]
  1832 | D:3      | Gained mutation: You have hidden genetic potential.
                  | [Jiyva's grace]
  1832 | D:3      | Gained mutation: You have great hidden genetic potential.
                  | [Jiyva's grace]
  1832 | D:3      | Gained mutation: You are robust. (+10% HP) [Jiyva's grace]
  1898 | D:3      | Found a shadowy altar of Dithmenos.
  2323 | D:4      | Gained mutation: You are partially covered in razor-sharp
                  | scales. (AC +1, Slay +1) [demonic ancestry]
  2323 | D:4      | Reached XP level 6. HP: 55/55 MP: 6/6
  2344 | D:4      | Reached skill level 5 in Fighting
  2345 | D:4      | Reached **** piety under Jiyva
  2561 | D:4      | Gained mutation: Your muscles are strong. (Str +4, Int/Dex
                  | -1) [hidden potential]
  2741 | D:5      | Entered Level 5 of the Dungeon
  2806 | D:5      | Reached ***** piety under Jiyva
  2814 | D:5      | Found a sacrificial altar of Ru.
  2891 | D:5      | Noticed an ice beast
  2900 | D:5      | Killed an ice beast
  2901 | D:5      | Reached XP level 7. HP: 60/64 MP: 7/7
  2930 | D:5      | Gained mutation: Your natural rate of healing is unusually
                  | fast. [hidden potential]
  2930 | D:5      | Lost mutation: You have great hidden genetic potential.
                  | [hidden potential expressed]
  3206 | D:5      | Reached skill level 5 in Dodging
  3229 | D:5      | Reached XP level 8. HP: 64/73 MP: 8/8
  3528 | D:6      | Noticed Eustachio
  3534 | D:6      | a scorpion changed into a slime creature
  3534 | D:6      | Noticed a slime creature
  3555 | D:6      | Killed Eustachio
  3568 | D:6      | Gained mutation: You are very robust. (+20% HP) [hidden
                  | potential]
  3590 | D:6      | Lost mutation: You are very robust. (+20% HP) [Jiyva's
                  | grace]
  3590 | D:6      | Lost mutation: You are robust. (+10% HP) [Jiyva's grace]
  3590 | D:6      | Gained mutation: You have a small jelly attached to you
                  | that senses nearby items. [Jiyva's grace]
  3590 | D:6      | Gained mutation: You are covered in slimy tendrils that may
                  | disarm your opponents. [Jiyva's grace]
  3590 | D:6      | Gained mutation: Your body has grown eyes which may confuse
                  | attackers. (Acc +3) [Jiyva's grace]
  3590 | D:6      | Gained mutation: Your body has grown many eyes which may
                  | confuse attackers. (Acc +5) [Jiyva's grace]
  3595 | D:6      | Noticed Prince Ribbit
  3622 | D:6      | Killed Prince Ribbit
  3840 | D:6      | Gained mutation: You are mostly covered in razor-sharp
                  | scales. (AC +2, Slay +2) [demonic ancestry]
  3840 | D:6      | Reached XP level 9. HP: 72/72 MP: 9/9
  3890 | D:6      | Found an iron altar of Okawaru.
  4128 | D:7      | Reached skill level 1 in Staves
  4135 | D:7      | Gained mutation: You have great hidden genetic potential.
                  | [hidden potential]
  4135 | D:7      | Lost mutation: You have great hidden genetic potential.
                  | [hidden potential expressed]
  4144 | D:7      | Found a staircase to the Ecumenical Temple.
  4593 | D:7      | Found Onug's Mail-Order Catalogue.
  4688 | D:8      | Noticed Pikel
  4703 | D:8      | Noticed Jeremiah
  4715 | D:8      | Noticed Maggie
  4718 | D:8      | Killed Pikel
  4719 | D:8      | Reached skill level 5 in Staves
  4741 | D:8      | Killed Jeremiah
  4748 | D:8      | Killed Maggie
  4749 | D:8      | Gained mutation: Spells you cast may paralyse adjacent
                  | enemies. [demonic ancestry]
  4749 | D:8      | Reached XP level 10. HP: 40/82 MP: 10/10
  4780 | D:8      | Gained mutation: You passively map a small area around you.
                  | [hidden potential]
  5079 | D:8      | Reached skill level 1 in Maces & Flails
  5081 | D:8      | Paralysed by a hornet for 3 turns
  5694 | D:9      | Noticed a centaur warrior
  5694 | D:9      | Noticed a centaur warrior
  5694 | D:9      | Noticed a boulder beetle
  5700 | D:9      | Noticed a deep elf pyromancer
  5703 | D:9      | Killed a centaur warrior
  5704 | D:9      | Reached skill level 5 in Maces & Flails
  5706 | D:9      | Killed a centaur warrior
  5722 | D:9      | Killed a deep elf pyromancer
  5723 | D:9      | Reached XP level 11. HP: 80/89 MP: 11/11
  5726 | D:9      | Killed a boulder beetle
  5779 | D:9      | Gained mutation: Your skin changes colour to match your
                  | surroundings (Stealth+). [hidden potential]
  5779 | D:9      | Lost mutation: You have hidden genetic potential. [hidden
                  | potential expressed]
  5833 | D:9      | Noticed Maurice
  5842 | D:9      | Something stole a ring of ice
  5882 | D:9      | Killed Maurice
  5941 | D:9      | Lost mutation: Your muscles are strong. (Str +4, Int/Dex
                  | -1) [Jiyva's grace]
  5941 | D:9      | Lost mutation: You are covered in slimy tendrils that may
                  | disarm your opponents. [Jiyva's grace]
  5941 | D:9      | Gained mutation: You have a pair of small antennae on your
                  | head. [Jiyva's grace]
  5941 | D:9      | Gained mutation: You have a pair of antennae on your head.
                  | [Jiyva's grace]
  5941 | D:9      | Gained mutation: You have a pair of large antennae on your
                  | head. (SInv) [Jiyva's grace]
  5941 | D:9      | Gained mutation: You are robust. (+10% HP) [Jiyva's grace]
  6040 | D:9      | Reached ****** piety under Jiyva
  6053 | D:9      | Found a runed translucent door.
  6057 | D:9      | Identified the +8 trident of Objectivity {flame, rC++ SInv}
  6057 | D:9      | Noticed lunkers's ghost (journeyman MeSh)
  6105 | D:9      | Reached skill level 5 in Evocations
  6505 | D:9      | Found a staircase to the Lair.
  6520 | D:9      | Found a stormy altar of Qazlal.
  6882 | D:9      | Killed lunkers's ghost
  7035 | D:10     | Entered Level 10 of the Dungeon
  7324 | D:10     | Noticed a sun demon
  7484 | D:10     | Found a blossoming altar of Fedhas.
  7649 | D:10     | Lost mutation: You have a pair of large antennae on your
                  | head. (SInv) [Jiyva's grace]
  7649 | D:10     | Lost mutation: You have a pair of antennae on your head.
                  | [Jiyva's grace]
  7649 | D:10     | Lost mutation: Your skin changes colour to match your
                  | surroundings (Stealth+). [Jiyva's grace]
  7649 | D:10     | Lost mutation: You passively map a small area around you.
                  | [Jiyva's grace]
  7649 | D:10     | Lost mutation: You are robust. (+10% HP) [Jiyva's grace]
  7649 | D:10     | Gained mutation: Your melee attacks may engulf your foes in
                  | ooze. [Jiyva's grace]
  7649 | D:10     | Gained mutation: You have a pair of antennae on your head.
                  | [Jiyva's grace]
  7649 | D:10     | Gained mutation: You have a pair of large antennae on your
                  | head. (SInv) [Jiyva's grace]
  7649 | D:10     | Gained mutation: Your muscles are strong. (Str +4, Int/Dex
                  | -1) [Jiyva's grace]
  7712 | D:11     | Noticed a centaur warrior
  7712 | D:11     | Found Cauckepp's Antique Weapon Shop.
  7719 | D:11     | Killed a centaur warrior
  7991 | D:11     | Found a staircase to the Orcish Mines.
  8002 | D:11     | Reached skill level 10 in Evocations
  8002 | D:11     | Reached XP level 12. HP: 95/95 MP: 12/12
  8100 | D:11     | Identified the +3 leather armour of Ignis's Supremacy
                  | {Harm}
  8317 | D:12     | Killed Frances
  8396 | D:12     | Noticed Snorg
  8403 | D:12     | Killed Snorg
  8643 | D:12     | Noticed a two-headed ogre
  8655 | D:12     | Killed a two-headed ogre
  8886 | D:13     | Noticed Urug
  8886 | D:13     | Noticed a centaur warrior
  8886 | D:13     | Noticed Nessos
  8886 | D:13     | Noticed Lodul
  8886 | D:13     | Noticed a centaur warrior
  8886 | D:13     | Found a gate to the Vaults.
  9013 | D:12     | Killed a centaur warrior
  9014 | D:12     | Reached skill level 10 in Maces & Flails
  9245 | D:13     | Shot with an arrow by Nessos

Illustrated notes

Levels and vault maps discovered:
D:1:      minmay_arrival_four_loops, layout_loops_ring, basic_ecumenical_altar,
          item_on_display_a
D:2:      layout_basic, grunt_ministairs_13, uniq_robin
D:3:      layout_basic, gammafunk_temple_overflow_forgotten,
          portal_sewer_entry_b, serial_shops, shop, kennysheep_boxes
D:4:      layout_cave_pools, feat_on_display
D:5:      layout_basic, lemuel_tele_altar
D:6:      layout_rooms, okawaru_metal_pillars_1_2, dreamdust_princess_corridor,
          uniq_prince_ribbit1, uniq_eustachio
D:7:      layout_loops_ring, minmay_temple_entry_wispy,
          minmay_tree_intersection, monkooky_shop_mail_order
D:8:      layout_loops_ring, minmay_misc_feat_ornament, uniq_jeremiah,
          uniq_pikel, uniq_maggie
D:9:      layout_grid_maze, kennysheep_mini, lair_entry_dummy,
          ebering_ghost_funeral_grove, hangedman_minor_gate_pass, uniq_maurice
D:10:     layout_long_grid, mainiacjoe_overflow_alcove_2
D:11:     layout_roguey, zombieorc2_lemuel, serial_shops, shop
D:12:     layout_basic, uniq_frances, uniq_snorg
D:13:     layout_loops_corners, david_vaults_3, nicolae_elyvilon_peaceful_grove

Skill      XL: |  1  2  3  4  5  6  7  8  9 10 11 12 |
---------------+-------------------------------------+-----
Fighting       | 3 4 6 7 8 9 |  9.0
Throwing       | 2 3 |  3.0
Dodging        | 3 4 5 8 9 |  9.0
Short Blades   | 4 |  4.0
Staves         | 5 6 |  6.9
Maces & Flails | 6 10 | 10.5
Evocations     | 10 | 10.0

Action                     |  1- 3 |  4- 6 |  7- 9 | 10-12 || total
---------------------------+-------+-------+-------+-------++-------
  Melee: Rapier            |   115 |   198 |   102 |       ||   415
         Punch             |     1 |     1 |     2 |     5 ||     9
         Kick              |       |    60 |    95 |   158 ||   313
         Bite              |       |    14 |    41 |    61 ||   116
         Short sword       |       |       |    55 |       ||    55
         Quarterstaff      |       |       |    87 |    67 ||   154
         Morningstar       |       |       |       |   388 ||   388
         Unarmed           |       |       |       |     1 ||     1
  Throw: Javelin           |     1 |     1 |       |       ||     2
 Invoke: Slimify           |       |       |     1 |     1 ||     2
         Oozemancy         |       |       |       |     1 ||     1
    Use: Scroll            |       |     2 |     2 |     1 ||     5
         Potion            |       |       |     1 |     4 ||     5
   Stab: Confused          |       |       |     4 |    12 ||    16
         Distracted        |       |       |     1 |       ||     1
         Sleeping          |       |       |       |     2 ||     2
 Armour: Leather armour    |    60 |    99 |   132 |   226 ||   517
         Skin              |       |       |       |    10 ||    10
         Troll leather arm |       |       |       |    59 ||    59
  Dodge: Dodged            |    83 |   126 |   163 |   387 ||   759
  Block: Other             |    10 |    42 |    38 |    74 ||   164

Table legend: (Time is in decaauts)
 A = Elapsed time spent in this place.
 B = Non-inter-level travel time spent in this place.
 C = Inter-level travel time spent in this place.
 D = Time resting spent in this place.
 E = Time spent auto-exploring this place.
 F = Levels seen in this place.
 G = Mean time per level.
                   A        B        C        D        E       F      G
               +--------+--------+--------+--------+--------+-----+--------+
         Total |   9278 |   8945 |    333 |    660 |   6231 |  14 |  662.7 |
       Dungeon |   9098 |   8765 |    333 |    660 |   6100 |  13 |  699.8 |
         Sewer |    180 |    180 |      0 |      0 |    131 |   1 |  180.0 |
               +--------+--------+--------+--------+--------+-----+--------+

Top non-repeatable levels by time:
     D:9: 1364 daAuts
     D:8: 967 daAuts
    D:12: 956 daAuts
     D:3: 790 daAuts
     D:5: 789 daAuts
     D:2: 687 daAuts
    D:10: 681 daAuts
     D:1: 680 daAuts
     D:7: 611 daAuts
    D:11: 579 daAuts
     D:6: 528 daAuts
     D:4: 451 daAuts
   Sewer: 180 daAuts
    D:13: 10 daAuts
